 Dungeon Crawl Stone Soup version 0.24-a0-580-g6a6c3f83c1 (webtiles) character file.

Game seed: 10898976339393818887

78 Gynju the Slasher (level 4, -1/36 HPs)
             Began as a Barachi Fighter on Aug 22, 2019.
             Slain by a gnoll
             ... wielding a +0 flail of protection
              (12 damage)
             ... on level 1 of the Dungeon.
             The game lasted 00:01:52 (2494 turns).

Gynju the Slasher (Barachi Fighter)                 Turns: 2494, Time: 00:01:53

Health: -1/36      AC:  6    Str: 18    XL:     4   Next: 36%
Magic:  4/4        EV:  7    Int:  8    God:
Gold:   216        SH:  9    Dex: 12    Spells: 3/3 levels left

rFire    . . .     SeeInvis .   a - +0 long sword
rCold    . . .     Gourm    .   c - +0 shield
rNeg     . . .     Faith    .   b - +0 scale mail
rPois    .         Spirit   .   (no helmet)
rElec    .         Reflect  .   (no cloak)
rCorr    .         Harm     .   (no gloves)
MR       .....                  (no boots)
Stlth    ..........             (no amulet)
HPRegen  0.12/turn              (no ring)
MPRegen  0.09/turn              (no ring)

@: slow
A: +LOS, swims, slowness 1, strong legs 1
a: Hop


You were on level 1 of the Dungeon.
You were not hungry.

You visited 1 branch of the dungeon, and saw 2 of its levels.

You collected 216 gold pieces.

Inventory:

Hand Weapons
 a - a +0 long sword (weapon)
 i - a +0 hunting sling
Missiles
 g - 30 sling bullets
Armour
 b - a +0 scale mail (worn)
 c - a +0 shield (worn)
Jewellery
 m - a +2 ring of slaying {unknown}
Scrolls
 e - 2 scrolls of identify {unknown}
 k - a scroll of random uselessness {unknown}
 l - a scroll of remove curse {unknown}
 q - a scroll of amnesia {unknown}
Potions
 d - a potion of might
 h - a potion of magic {unknown}
 j - 2 potions of cancellation {unknown}
 n - a potion of lignification {unknown}
 p - a potion of mutation {unknown}
 r - a potion of haste {unknown}
Comestibles
 f - 5 rations


   Skills:
 - Level 3.6 Fighting
 + Level 5.4 Long Blades
 - Level 3.6 Armour
 - Level 3.2 Shields


You had 3 spell levels left.
You didn't know any spells.
Your spell library was empty.

Dungeon Overview and Level Annotations

Branches:
Dungeon (2/15)

Altars:
Nemelex Xobeh


Innate Abilities, Weirdness & Mutations

Shadows flee at your approach. (+LOS)
You can swim through water.
You cover ground slowly.
You can hop short distances.


Message History

You are too injured to fight recklessly!
You are too injured to fight recklessly!
You are too injured to fight recklessly!
You are too injured to fight recklessly!
You are too injured to fight recklessly!
You are too injured to fight recklessly!
You are too injured to fight recklessly!
You are too injured to fight recklessly!
You are too injured to fight recklessly!
You are too injured to fight recklessly!
You hit the gnoll but do no damage.
The gnoll is heavily wounded.
You block the gnoll's attack.
You hit the gnoll but do no damage.
The gnoll is heavily wounded.
The gnoll hits you with a +0 flail of protection.
You hit the gnoll.
The gnoll is almost dead.
The gnoll hits you with a +0 flail of protection!
You die...

# #.....# #.......# #.# # #.....#
#....>..# #.# #### #.....#
#.......####.# ...# ##.##.#
#.......+รท...####### ...# #.##.#
#.......####........
...####.##.###.##########.#######
..................#.........#
...####.######.##)#.........#
...+............@g..........#
...####.#.######)#..........#
...# #.#.# #.#..#####.###
...####.#.######.#..# #.#
.#......#...........## #.#
.#.########......#...####.#####
.#.# #.#.................### ...#
#.#.#..#......#........
.##########.#)#..#...............


You could see a gnoll.

Vanquished Creatures
  2 gnolls (D:1)
  2 adders (D:2)
  A worm (D:2)
  A leopard gecko (D:2)
  3 giant cockroaches
  6 goblins
  A hobgoblin (D:2)
  4 jackals (D:2)
  8 bats
  2 frilled lizards (D:1)
  3 kobolds (D:2)
  3 rats
36 creatures vanquished.

Vanquished Creatures (others)
  4 toadstools (D:2)
4 creatures vanquished.

Grand Total: 40 creatures vanquished

Notes
Turn   | Place    | Note
-------+----------+-------------------------------------------
     0 | D:1      | Gynju the Barachi Fighter began the quest for the Orb.
     0 | D:1      | Reached XP level 1. HP: 18/18 MP: 1/1
   132 | D:1      | Reached skill level 3 in Long Blades
   261 | D:1      | Reached XP level 2. HP: 23/24 MP: 2/2
  1207 | D:2      | Reached skill level 4 in Long Blades
  1207 | D:2      | Reached XP level 3. HP: 28/29 MP: 3/3
  1221 | D:2      | Found a sparkling altar of Nemelex Xobeh.
  1764 | D:2      | Reached skill level 5 in Long Blades
  1798 | D:2      | Reached XP level 4. HP: 30/36 MP: 4/4
  2494 | D:1      | Slain by a gnoll

Levels and vault maps discovered:
D:1:      roderic_crop_circles_arrival_large, layout_basic
D:2:      layout_loops_ring, nemelex_xobeh_ov_fountains_minmay,
          minmay_gold_behind_fungi

Skill      XL: |  1  2  3 |
---------------+----------+-----
Long Blades    | 3 4 5 |  5.4
Fighting       | |  3.6
Armour         | |  3.6
Shields        | |  3.2

Action                   |  1- 3 |  4- 6 || total
-------------------------+-------+-------++-------
Melee: Long sword        |   115 |    26 ||   141
  Eat: Chunk             |     4 |     2 ||     6
Armor: Scale mail        |    52 |     4 ||    56
Dodge: Dodged            |    38 |     6 ||    44
Block: Shield            |    56 |    16 ||    72
       Rpst.: Long sword |     8 |     1 ||     9

Table legend:
 A = Non-vault XP
 B = Vault XP
 C = Vault XP percentage of total XP
 D = Non-vault monster count
 E = Vault monster count
 F = Vault count percentage of total count
                 A         B        C        D         E       F
            +---------+---------+-------+---------+---------+-------
      Total |     112 |       0 |   0.0 |      36 |       0 |   0.0
            +---------+---------+-------+---------+---------+-------
        D:1 |      50 |       0 |   0.0 |      16 |       0 |   0.0
        D:2 |      62 |       0 |   0.0 |      20 |       0 |   0.0
            +---------+---------+-------+---------+---------+-------
